 Dungeon Crawl Stone Soup version 0.32-a0-933-ga8fa3634e4 (webtiles) character file.

Game seed: 5017092408693944376

179169 Autsider the Severer (level 17, -4/159 HPs)
             Began as a Minotaur Fighter on Apr 14, 2024.
             Was a High Priest of Okawaru.
             Killed from afar by a nagaraja (7 damage)
             ... with a splash of poison
             ... on level 2 of the Snake Pit.
             The game lasted 01:32:03 (27797 turns).

Autsider the Severer (Minotaur Fighter)            Turns: 27797, Time: 01:32:04

Health: -4/159     AC: 31    Str: 27    XL:     17   Next: 60%
Magic:  24/24      EV:  8    Int: 13    God:    Okawaru [*****.]
Gold:   1805       SH: 18    Dex: 12    Spells: 16/16 levels left

rFire   + . .        l - +8 broad axe
rCold   . . .        n - +0 kite shield
rNeg    + + +        j - +4 chain mail of Impatience {rElec rF+}
rPois   +            k - +2 hat
rElec   +            s - scarf {shadows}
rCorr   .            L - +2 pair of gloves
SInv    .            z - +0 pair of boots
Will    +....        a - amulet of reflection Stlth
                     Z - +4 ring of protection
HPRegen 0.46/turn    d - ring "Damn" {Fly rPois rN+++ Will- Int+8}
MPRegen 0.19/turn

%: reflection
@: lethally poisoned (-4 -> -9), flying, slowed, studying 2 skills, very slow
A: horns 2, retaliatory headbutt, iridescent scales 1, strong-willed 1
a: Renounce Religion, Heroism, Finesse, Duel


You were on level 2 of the Snake Pit.
You worshipped Okawaru.
Okawaru was extremely pleased with you.
You visited 5 branches of the dungeon, and saw 25 of its levels.
You visited the Abyss 1 time.
You also visited: Ossuary and Bailey.

You collected 2437 gold pieces.
You spent 632 gold pieces at shops.

Inventory:

Hand Weapons
 l - a +8 broad axe (weapon)
Missiles
 f - 26 boomerangs (quivered)
 m - 7 silver javelins
 o - 6 javelins
 F - 8 atropa-tipped darts
 R - 10 throwing nets
 W - 9 curare-tipped darts
Armour
 j - the +4 chain mail of Impatience (worn) {rElec rF+}
   (You bought it in a shop on level 2 of the Orcish Mines)

   rF+:       It protects you from fire.
   rElec:     It insulates you from electricity.
 k - a +2 hat (worn)
 n - a +0 kite shield (worn)
 s - a scarf of shadows (worn)
 z - a +0 pair of boots (worn)
 L - a +2 pair of gloves (worn)
Jewellery
 a - an amulet of reflection (around neck)
 d - the ring "Damn" (right hand) {Fly rPois rN+++ Will- Int+8}
   (You took it off an orc warlord in a bailey)

   [ring of flight]

   Int+8:     It affects your intelligence (+8).
   rPois:     It protects you from poison.
   rN+++:     It renders you almost immune to negative energy.
   Will-:     It decreases your willpower.
   Fly:       It grants you flight.
 g - a ring of positive energy
 i - a +6 ring of strength
 p - a ring of flight
 q - a +5 ring of evasion
 r - a ring of protection from fire
 C - an amulet of regeneration
 O - a ring of see invisible
 Q - a ring of resist corrosion
 Z - a +4 ring of protection (left hand)
Wands
 t - a wand of polymorph (31)
 B - a wand of mindburst (4)
 E - a wand of flame (32)
 J - a wand of roots (24)
 K - a wand of paralysis (11)
 T - a wand of digging (5)
Scrolls
 h - 4 scrolls of teleportation {@r2}
 v - 2 scrolls of fear
 y - 2 scrolls of immolation
 A - a scroll of vulnerability
 M - a scroll of silence
 P - 2 scrolls of fog
 U - 2 scrolls of revelation
Potions
 b - 7 potions of lignification
 c - 2 potions of enlightenment
 e - 10 potions of haste
 u - a potion of berserk rage
 w - 6 potions of curing {@q1}
 x - 6 potions of resistance
 H - a potion of invisibility
 S - 2 potions of cancellation
 V - 3 potions of might
 X - 2 potions of heal wounds {@q2}


   Skills:
 + Level 16.3 Fighting
 - Level 18.0 Axes
 + Level 9.8 Throwing
 + Level 16.3 Armour
 + Level 16.2 Shields
 + Level 11.2 Invocations
 + Level 2.0 Evocations


You had 16 spell levels left.
You didn't know any spells.
Your spell library contained the following spells:

 Spells                   Type           Power      Damage    Failure   Level
 Magic Dart               Conj           0%         1d3       77%         1
 Sandblast                Erth           0%         2d4       77%         1
 Shock                    Conj/Air       0%         1d3       77%         1
 Blink                    Tloc           0%         N/A       88%         2
 Jinxbite                 Hex            0%         N/A       88%         2
 Lesser Beckoning         Tloc           0%         N/A       88%         2
 Momentum Strike          Conj/Tloc      0%         3d8       88%         2
 Searing Ray              Conj           0%         2d4       88%         2
 Dazzling Flash           Conj/Hex       0%         N/A       98%         3
 Frozen Ramparts          Ice            0%         1d1       98%         3
 Mephitic Cloud           Conj/Alch/Air  0%         N/A       98%         3
 Ozocubu's Armour         Ice            0%         N/A       98%         3
 Sigil of Binding         Hex            0%         N/A       98%         3
 Stone Arrow              Conj/Erth      0%         3d7       98%         3
 Swiftness                Air            0%         N/A       98%         3
 Volatile Blastmotes      Fire/Tloc      0%         2d10      98%         3
 Airstrike                Air            0%         2d(0-16)  100%        4
 Brom's Barrelling Bould  Conj/Erth      0%         2d3       100%        4
 Cause Fear               Hex            0%         N/A       100%        4
 Dimensional Bullseye     Hex/Tloc       0%         N/A       100%        4
 Fulminant Prism          Conj/Alch      0%         3d5       100%        4
 Iskenderun's Mystic Bla Conj/Tloc 0%             2d3        (+2d1     100%        4
 Passage of Golubria      Tloc           0%         N/A       100%        4
 Curse of Agony           Necr           0%         N/A       100%        5
 Fireball                 Conj/Fire      0%         3d3       100%        5
 Iskenderun's Battlesphe  Conj           0%         2d6       100%        5
 Metabolic Englaciation   Hex/Ice        0%         N/A       100%        5
 Silence                  Hex/Air        0%         N/A       100%        5
 Yara's Violent Unravell  Hex/Alch       0%         3d3       100%        5
 Conjure Ball Lightning   Conj/Air       0%         3x3d6     100%        6
 Dispersal                Tloc           0%         N/A       100%        6
 Gell's Gavotte           Tloc           0%         2d(11-16) 100%        6
 Enfeeble                 Hex            0%         N/A       100%        7
 Manifold Assault         Tloc           0%         N/A       100%        7
 Orb of Destruction       Conj           0%         9d5       100%        7
 Disjunction              Tloc           0%         N/A       100%        8
 Call Canine Familiar     Summ           Unusable   N/A       N/A         3
 Tukima's Dance           Hex            Unusable   N/A       N/A         3
 Dragon's Call            Summ           Unusable   N/A       N/A         9

Dungeon Overview and Level Annotations

Branches:
Dungeon (15/15)            Temple (1/1) D:7            Lair (5/5) D:8
  Swamp (0/4) Lair:2        Snake (2/4) Lair:3        Slime (0/5) Lair:4
    Orc (2/2) D:10            Elf (0/3) Orc:2        Vaults (0/5) D:14
 Depths (0/4) D:15        Ossuary (visited)          Bailey (visited)

Altars:
Ashenzari
Cheibriados
Dithmenos
Elyvilon
Fedhas
Hepliaklqana
Kikubaaqudgha
Makhleb
Okawaru
Qazlal
Ru
Sif Muna
Trog
Uskayaw
Vehumet
Wu Jian
Xom
Yredelemnul
Zin
The Shining One
Beogh

Shops:
D:4 (   D:8 *   D:9 =   D:11 !   Orc:2 ([**

Annotations:
D:1 exclusion: downstairs
D:3 exclusion: downstairs
D:10 exclusion: orange crystal statue
Lair:2 exclusion: downstairs
Lair:4 exclusion: downstairs


Innate Abilities, Weirdness & Mutations

You have a pair of horns on your head.
You reflexively headbutt those who attack you in melee.
You are partially covered in iridescent scales. (AC +2)
You are strong-willed. (Will+)


Message History

The splash of poison hits you but does no damage.
You resist.
A naga comes into view. It is wielding a +0 short sword.
The nagaraja hits you from afar with a +0 spear.
* * * LOW HITPOINT WARNING * * *
The naga sharpshooter gestures wildly while chanting.
The naga sharpshooter magically shoots an arrow.
You block the arrow with an invisible shield... and reflect it back!
The naga sharpshooter spits poison at you.
You block the splash of poison... and reflect it back!
The splash of poison hits the naga sharpshooter.
Your Evocations skill increases to level 2!
The naga sharpshooter gestures wildly while chanting.
The naga sharpshooter magically shoots an arrow.
You block the arrow with an invisible shield... and reflect it back!
The naga sharpshooter mumbles some strange words.
The naga sharpshooter magically shoots an arrow.
The arrow hits you!
* * * LOW HITPOINT WARNING * * *
You block the nagaraja's attack.
The nagaraja points at you and mumbles some strange words.
The poison arrow hits you!
You are poisoned.
You partially resist.
* * * LOW HITPOINT WARNING * * *
You block the naga's attack. The nagaraja spits poison at you.
You block the splash of poison... and reflect it back!
The splash of poison hits the nagaraja.
* * * LOW HITPOINT WARNING * * *
You feel very sick. The naga spits poison at you.
You block the splash of poison... and reflect it back!
The splash of poison hits the naga.
The naga sharpshooter casts a spell.
The naga sharpshooter magically shoots an arrow.
You block the arrow with an invisible shield... and reflect it back!
The nagaraja spits poison at you. The splash of poison hits you! You resist.
You die...

.................
........).).....#
......).)<).##..#
#...........# ..
.........(..#
#....##.....#
....#.#.....####
....#..)........
......#..@......
......#...###.#.
######....N.....
......N##N...#
.###.##)N.#.. #.
#NN.# .
#...NNN.....
#.....#......
###... ...N..


You could see a nagaraja (fast, catching breath), a naga sharpshooter (curare)
and a naga (catching breath).

Vanquished Creatures
  A bone dragon (Abyss:3)
  Rupert (D:15)
  A tentacled starspawn (Abyss:3)
  Roxanne (D:14)
  A nagaraja (Snake:2)
  2 orc warlords
  The ghost of OboGreatPlayer the Severer, a journeyman MiFi of Ru (Lair:4)
  Erolcha (Orc:2)
  2 rakshasas (D:15)
  A salamander tyrant (Snake:2)
  6 hydras
  An ogre mage (D:15)
  4 centaur warriors
  3 anacondas
  A catoblepas (Lair:2)
  9 two-headed ogres
  5 boulder beetles
  5 death yaks
  3 naga sharpshooters
  Urug (Lair:1)
  5 thrashing horrors (Abyss:3)
  A naga warrior (Snake:1)
  An orc high priest (Orc:2)
  2 occultists
  2 shock serpents (Snake:1)
  Sonja (Lair:4)
  A salamander mystic (Snake:2)
  2 spriggan druids (Lair:2)
  2 goliath frogs (Lair:5)
  A mana viper (Snake:2)
  A flayed ghost (D:14)
  4 lindwurms (Lair:5)
  Pikel (D:8)
  3 obsidian bats (Orc:2)
  A necromancer (D:15)
  2 orc knights (Orc:2)
  3 deep elf pyromancers
  15 ugly things
  2 orc sorcerers (D:15)
  5 cyclopes
  2 manticores
  2 salamanders (Snake:2)
  A will-o-the-wisp (Abyss:3)
  A worldbinder (Abyss:3)
  An oklob plant (Lair:4)
  21 elephants
  9 black mambas
  5 naga magi
  9 kobold blastminers
  Joseph (Lair:1)
  A gargoyle (D:14)
  3 torpor snails
  17 cane toads
  A yaktaur (D:15)
  4 rime drakes
  A freezing wraith (D:14)
  14 komodo dragons
  An efreet (D:14)
  A large abomination (Abyss:3)
  A tormentor (Abyss:3)
  2 tengu conjurers (D:14)
  2 kobold demonologists
  3 tyrant leeches (Lair:5)
  2 hornets (Lair:2)
  6 trolls
  A wolf spider simulacrum (D:15)
  33 blink frogs
  2 dream sheep (Lair:5)
  A shadow (D:9)
  8 slime creatures
  2 small abominations (Abyss:3)
  Sigmund (D:6)
  5 wyverns
  A vampire (D:12)
  51 yaks
  5 vampire mosquitoes (Lair:5)
  2 basilisks (Lair:2)
  4 wargs
  5 golden eyes (Abyss:3)
  Menkaure (D:5)
  Grum (D:8)
  14 nagas
  4 swamp worms (D:14)
  2 acid dragons
  13 water moccasins
  31 orc warriors
  6 black bears
  2 sky beasts
  7 ice beasts
  9 ogres
  19 wolves
  6 centaurs
  A lemure (D:8)
  3 kobold brigands (D:10)
  Blork the orc (D:5)
  A weeping skull (Ossuary)
  17 bullfrogs
  An elf zombie (Ossuary)
  4 gnoll sergeants
  3 scorpions
  11 wights
  2 burial acolytes (Ossuary)
  5 killer bees (D:10)
  3 howler monkeys
  2 lava snakes (D:10)
  A quasit (Abyss:3)
  2 gnoll boudas
  2 centaur zombies
  4 jellies
  A human zombie (Ossuary)
  15 orc priests
  Crazy Yiuf (D:6)
  8 hounds
  4 iguanas
  2 sleepcaps
  29 orc wizards
  7 hell rats (Lair:5)
  4 hound zombies (Ossuary)
  A boggart simulacrum (D:15)
  2 mummies (Ossuary)
  47 gnolls
  9 adders
  A shadow imp (D:7)
  2 ufetubi (D:6)
  2 dart slugs
  2 ribbon worms
  107 orcs
  2 bats
  16 endoplasms
  4 giant cockroaches
  3 gnoll zombies (Ossuary)
  13 goblins
  7 hobgoblins
  17 jackals
  22 kobolds
  2 quokkas (D:2)
  8 ball pythons
  3 frilled lizards
  A goblin zombie (D:5)
  6 orc zombies (Ossuary)
  3 rats
  A rat zombie (D:5)
867 creatures vanquished.

Vanquished Creatures (others)
  A tengu conjurer (D:15)
  An orc wizard (Orc:1)
  4 foxfires (Abyss:3)
  2 starspawn tentacles (Abyss:3)
8 creatures vanquished.

Grand Total: 875 creatures vanquished

Notes
Turn   | Place    | Note
-------+----------+-------------------------------------------
     0 | D:1      | Autsider the Minotaur Fighter began the quest for the Orb.
     0 | D:1      | Reached XP level 1. HP: 19/19 MP: 0/0
   107 | D:1      | Reached XP level 2. HP: 27/27 MP: 1/1
   187 | D:1      | Reached skill level 3 in Axes
   651 | D:2      | Reached XP level 3. HP: 26/33 MP: 2/2
  1346 | D:2      | Reached XP level 4. HP: 3/40 MP: 3/3
  1841 | D:3      | Reached skill level 4 in Axes
  1919 | D:3      | Found a glowing golden altar of the Shining One.
  2088 | D:3      | Reached XP level 5. HP: 35/47 MP: 4/4
  2534 | D:3      | Found an ornate altar of the Wu Jian Council.
  2789 | D:4      | Noticed a black bear
  2794 | D:4      | Killed a black bear
  2795 | D:4      | Reached skill level 5 in Axes
  2795 | D:4      | Reached skill level 5 in Armour
  2795 | D:4      | Reached XP level 6. HP: 49/55 MP: 5/5
  2906 | D:4      | Reached skill level 5 in Fighting
  2906 | D:4      | Reached skill level 5 in Shields
  3098 | D:4      | Reached skill level 6 in Axes
  3098 | D:4      | Reached XP level 7. HP: 43/61 MP: 6/6
  3417 | D:4      | Found Vaiwich's Antique Weapon Shoppe.
  3565 | D:5      | Entered Level 5 of the Dungeon
  3779 | D:5      | Reached skill level 7 in Axes
  3948 | D:5      | Found a sand-covered staircase.
  3955 | Ossuary  | Entered an ossuary
  3987 | Ossuary  | Reached XP level 8. HP: 70/70 MP: 7/7
  4266 | Ossuary  | Reached skill level 8 in Axes
  4698 | D:5      | Identified a scroll of acquirement
  4699 | D:5      | Acquired the +2 hat of the Bear Spirit {Spirit, Bear, *Rage
                  | Will++}
  4699 | D:5      | Found the +2 hat of the Bear Spirit {Spirit, Bear, *Rage
                  | Will++}
  4871 | D:5      | Noticed Blork the orc
  4874 | D:5      | Killed Blork the orc
  4915 | D:5      | Noticed Menkaure
  4925 | D:5      | Killed Menkaure
  5207 | D:6      | Noticed Sigmund
  5216 | D:6      | Killed Sigmund
  5217 | D:6      | Reached skill level 9 in Axes
  5236 | D:6      | Reached XP level 9. HP: 79/79 MP: 8/8
  5281 | D:6      | Found a hazy altar of Hepliaklqana.
  5881 | D:6      | Found a runed translucent door.
  5882 | D:6      | Noticed Crazy Yiuf
  6099 | D:6      | Killed Crazy Yiuf
  6173 | D:7      | Reached skill level 10 in Axes
  6375 | D:7      | Found a staircase to the Ecumenical Temple.
  6396 | Temple   | Entered the Ecumenical Temple
  6705 | D:8      | Noticed a rime drake
  6714 | D:8      | Reached skill level 11 in Axes
  6725 | D:8      | Killed a rime drake
  6726 | D:8      | Reached XP level 10. HP: 75/90 MP: 9/9
  6748 | D:8      | Found a staircase to the Lair.
  6791 | D:8      | Noticed Pikel
  6813 | D:8      | Killed Pikel
  7080 | D:8      | Found Aveoluc's Assorted Antiques.
  7091 | D:8      | Bought a viscous pink potion for 17 gold pieces
  7091 | D:8      | Bought a scroll labelled GICOEWK PEDWUT for 19 gold pieces
  7091 | D:8      | Bought a viscous pink potion for 17 gold pieces
  7091 | D:8      | Bought a scroll labelled NATTAI KUEMO for 19 gold pieces
  7091 | D:8      | Bought 2 bubbling puce potions for 34 gold pieces
  7129 | D:8      | Noticed Grum
  7158 | D:8      | Killed Grum
  7159 | D:8      | Reached skill level 12 in Axes
  7981 | D:9      | Found Wumusow's Jewellery Emporium.
  7992 | D:9      | Found a stormy altar of Qazlal.
  8129 | D:9      | Reached skill level 13 in Axes
  8132 | D:9      | Reached XP level 11. HP: 75/99 MP: 10/10
  8419 | D:10     | Entered Level 10 of the Dungeon
  8495 | D:10     | Found a flagged portal.
  8499 | Bailey   | Entered a bailey
  8505 | Bailey   | Noticed an orc warlord
  8549 | Bailey   | Reached skill level 10 in Fighting
  8581 | Bailey   | Found a runed translucent gate.
  8584 | Bailey   | Found a runed translucent gate.
  8585 | Bailey   | Found a runed translucent gate.
  8593 | Bailey   | Reached skill level 10 in Armour
  8621 | Bailey   | Reached skill level 16 in Axes
  8621 | Bailey   | Reached XP level 12. HP: 106/106 MP: 11/11
  8670 | Bailey   | Identified the ring "Damn" {Fly rPois rN+++ Will- Int+8}
  8821 | Bailey   | Killed an orc warlord
  8822 | Bailey   | Reached skill level 10 in Shields
  8852 | Bailey   | Reached skill level 17 in Axes
  8852 | Bailey   | Reached XP level 13. HP: 68/116 MP: 12/12
  9335 | D:10     | Paralysed by a hornet for 1 turns
  9432 | D:10     | Found an iron altar of Okawaru.
  9437 | D:10     | Became a worshipper of Warmaster Okawaru
  9464 | D:10     | Found a shimmering altar of Xom.
  9696 | D:10     | Found a staircase to the Orcish Mines.
  9827 | D:11     | Reached skill level 18 in Axes
 10130 | D:11     | Reached * piety under Okawaru
 10223 | D:11     | Found Sothes's Distillery.
 10237 | D:11     | Bought a potion of attraction for 39 gold pieces
 10237 | D:11     | Bought a potion of heal wounds for 65 gold pieces
 10237 | D:11     | Bought a potion of might for 52 gold pieces
 10237 | D:11     | Bought 2 potions of might for 104 gold pieces
 10649 | Lair:1   | Entered Level 1 of the Lair of Beasts
 10991 | Lair:1   | Reached ** piety under Okawaru
 10992 | Lair:1   | Reached skill level 1 in Throwing
 10994 | Lair:1   | Reached skill level 1 in Invocations
 11145 | Lair:1   | Noticed Joseph
 11152 | Lair:1   | Killed Joseph
 11462 | Lair:1   | Reached *** piety under Okawaru
 11564 | Lair:1   | Noticed Urug
 11577 | Lair:1   | Killed Urug
 12391 | Lair:2   | Reached **** piety under Okawaru
 12700 | Lair:2   | Identified the +2 mace "Vintuakh" {venom, *Noise +Blink
                  | Dex+4}
 12743 | Lair:2   | Reached XP level 14. HP: 74/127 MP: 15/15
 13291 | Lair:2   | Reached ***** piety under Okawaru
 13295 | Lair:2   | Found a staircase to the Swamp.
 13922 | Lair:3   | Found a staircase to the Snake Pit.
 13925 | Lair:3   | Received a gift from Okawaru
 15038 | Lair:4   | Found a staircase to the Slime Pits.
 15071 | Lair:4   | Reached skill level 5 in Throwing
 15111 | Lair:4   | Reached skill level 5 in Invocations
 15276 | Lair:4   | Received a gift from Okawaru
 15525 | Lair:4   | Found a runed translucent gate.
 15526 | Lair:4   | Found a runed translucent gate.
 15528 | Lair:4   | Found a runed translucent gate.
 15752 | Lair:4   | Noticed Sonja
 15760 | Lair:4   | Killed Sonja
 15911 | Lair:4   | Noticed OboGreatPlayer's ghost (journeyman MiFi)
 15925 | Lair:4   | Killed OboGreatPlayer's ghost
 15976 | Lair:5   | Entered Level 5 of the Lair of Beasts
 17864 | D:14     | Received a gift from Okawaru
 17901 | D:13     | HP: 4/130 [demonic crawler (8)]
 18339 | D:14     | Identified the +0 helmet of Jigsaw {rElec Regen+ Dex-4
                  | SInv}
 18366 | D:14     | Noticed Roxanne
 18389 | D:14     | Killed Roxanne
 18657 | D:14     | Reached XP level 15. HP: 88/138 MP: 18/18
 19137 | D:14     | Found a gate to the Vaults.
 19251 | D:14     | Reached XP level 16. HP: 146/146 MP: 18/21
 19478 | D:15     | Entered Level 15 of the Dungeon
 19665 | D:15     | Found a hide-covered altar of Uskayaw.
 19684 | D:15     | Noticed Rupert
 19697 | D:15     | Killed Rupert
 19903 | D:15     | Received a gift from Okawaru
 20258 | D:15     | Paralysed by an ogre mage for 3 turns
 20413 | Abyss:3  | Cast into level 3 of the Abyss (an occultist)
 20476 | Abyss:3  | Noticed a bone dragon
 20496 | Abyss:3  | Killed a bone dragon
 20499 | Abyss:3  | Noticed a tentacled starspawn
 20506 | Abyss:3  | Killed a tentacled starspawn
 20736 | D:15     | Escaped the Abyss
 20739 | D:15     | Reached skill level 15 in Fighting
 20742 | D:15     | Reached skill level 15 in Armour
 20763 | D:15     | Reached skill level 15 in Shields
 20906 | D:15     | Found a staircase to the Depths.
 21334 | Orc:1    | Entered Level 1 of the Orcish Mines
 21413 | D:8      | Gained mutation: You occasionally lose the ability to read
                  | scrolls when taking damage. [potion of mutation]
 21413 | D:8      | Gained mutation: Your body sometimes deteriorates upon
                  | taking damage. [potion of mutation]
 21414 | D:8      | Lost mutation: Your body sometimes deteriorates upon taking
                  | damage. [potion of mutation]
 21414 | D:8      | Lost mutation: You occasionally lose the ability to read
                  | scrolls when taking damage. [potion of mutation]
 21414 | D:8      | Gained mutation: You are weak. (Str -2) [potion of
                  | mutation]
 21414 | D:8      | Gained mutation: Your mind is acute. (Int +4, Str/Dex -1)
                  | [potion of mutation]
 21415 | D:8      | Lost mutation: Your mind is acute. (Int +4, Str/Dex -1)
                  | [potion of mutation]
 21415 | D:8      | Lost mutation: You are weak. (Str -2) [potion of mutation]
 21415 | D:8      | Gained mutation: You are strong-willed. (Will+) [potion of
                  | mutation]
 21415 | D:8      | Gained mutation: You are partially covered in iridescent
                  | scales. (AC +2) [potion of mutation]
 21597 | Orc:2    | Entered Level 2 of the Orcish Mines
 21722 | Orc:2    | Received a gift from Okawaru
 21918 | Orc:2    | Noticed Erolcha
 21931 | Orc:2    | Killed Erolcha
 22095 | Orc:2    | Reached skill level 10 in Invocations
 22098 | Orc:2    | Found Haresye's Antique Armour Boutique.
 22102 | Orc:2    | Found Qinapy's Antique Weapon Shop.
 22102 | Orc:2    | Found a roughly hewn altar of Beogh.
 22318 | Orc:2    | Found a roughly hewn altar of Beogh.
 22436 | Orc:2    | Found a roughly hewn altar of Beogh.
 22513 | Orc:2    | Found a roughly hewn altar of Beogh.
 22520 | Orc:2    | Found Asyugeikh's General Store.
 22699 | Orc:2    | Found a staircase to the Elven Halls.
 22820 | Orc:2    | Found a roughly hewn altar of Beogh.
 22823 | Orc:2    | Found Nycri's General Store.
 22919 | Orc:2    | Found a roughly hewn altar of Beogh.
 23029 | Orc:2    | Bought a brightly glowing chain mail for 266 gold pieces
 23029 | Orc:2    | Identified the +4 chain mail of Impatience {rElec rF+} (You
                  | bought it in a shop on level 2 of the Orcish Mines)
 24121 | Lair:5   | Reached XP level 17. HP: 156/156 MP: 23/23
 24539 | Lair:5   | Received a gift from Okawaru
 25287 | Lair:5   | Identified the +6 hand axe "Xysoif" {freeze, rN+ Dex+5}
 25341 | Lair:5   | Identified the +0 scale mail of Dishonour {Rampage Int-3
                  | SInv}
 25935 | Snake:1  | Entered Level 1 of the Snake Pit
 26376 | Snake:1  | Reached skill level 1 in Evocations
 27796 | Snake:2  | HP: 7/159 [nagaraja/poison arrow (12)]
 27797 | Snake:2  | HP: 3/159 [poisoned by a nagaraja (poison arrow)]
 27797 | Snake:2  | Killed from afar by a nagaraja

Illustrated notes

Levels and vault maps discovered:
D:1:      psy_arrival_dodecagon, layout_rooms, hex_intersection
D:2:      layout_loops_ring, serial_aquarium, aquarium_bridge_island_large
          [aquarium_subvault_large_open, aquarium_subvault_balcony,
          aquarium_subvault_wall, aquarium_subvault_bridge,
          aquarium_subvault_bridge], aquarium_bridge_straight
          [aquarium_subvault_bridge, aquarium_subvault_window,
          aquarium_subvault_bridge, aquarium_subvault_balcony],
          aquarium_window_1, aquarium_window_2, aquarium_window_2,
          aquarium_window_corner, aquarium_view_2e, aquarium_view_2c,
          aquarium_balcony_1a, aquarium_pool_2, minmay_fountain_box,
          item_on_display_a
D:3:      layout_basic, mainiacjoe_overflow_paths, tso_altar, bh_walls_and_bars
D:4:      layout_cave_pools, serial_shops, kennysheep_little_box
D:5:      layout_gridville, enter_ossuary_4, minmay_misc_feat_columns,
          minmay_manual_mares, uniq_menkaure, uniq_blork_the_orc
D:6:      layout_loops_corners, amcnicky_altar_gilded, uniq_crazy_yiuf_cottage,
          uniq_sigmund
D:7:      layout_rooms, minmay_temple_entry_waves
D:8:      layout_basic, hellmonk_lair_entry_icy, serial_shops,
          nicolae_square_shop, uniq_grum, uniq_pikel
D:9:      layout_big_octagon, mainiacjoe_overflow_tiny_flanked,
          serial_gnoll_camp, gnoll_camp_mini_shop, gnoll_camp_mini_doghouse,
          gnoll_camp_huts_moat, gnoll_camp_mini_doghouse,
          gnoll_camp_mini_doghouse
D:10:     nicolae_cairo_tiling_large_dashed, layout_cave_pods,
          grunt_temple_overflow_opulence, mainiacjoe_overflow_two_lobes,
          minmay_orc_entry_guard_dogs, enter_bailey_1, minivault_26,
          disabler_island
D:11:     layout_long_grid, serial_shops, shop_coins
D:12:     layout_rooms, serial_rivers, chequers_serial_rivers_small_b,
          chequers_serial_rivers_room_b, chequers_serial_rivers_large_b,
          chequers_serial_rivers_micro_d, chequers_serial_rivers_room_a
D:13:     layout_roguey [special_room_orc], kennysheep_small_circle
D:14:     layout_roguey, hellmonk_vaults_attempted_burglary,
          minmay_misc_feat_roman, worms_lemuel, uniq_roxanne
D:15:     grunt_enter_depths_magical_seal, layout_basic,
          nicolae_uskayaw_murder_on_the_dancefloor, nicolae_letterblocks
          [nicolae_letter_subblock, nicolae_letter_subblock,
          nicolae_letter_subblock, nicolae_letter_subblock,
          nicolae_letter_subblock, nicolae_letter_subblock,
          nicolae_letter_subblock, nicolae_letter_subblock,
          nicolae_letter_subblock, nicolae_letter_subblock,
          nicolae_letter_subblock, nicolae_letter_subblock,
          nicolae_letter_subblock, nicolae_letter_subblock,
          nicolae_letter_subblock, nicolae_letter_subblock,
          nicolae_letter_subblock, nicolae_letter_subblock,
          nicolae_letter_subblock, nicolae_letter_subblock,
          nicolae_letter_subblock, nicolae_letter_subblock,
          nicolae_letter_subblock, nicolae_letter_subblock,
          nicolae_letter_subblock], uniq_rupert
Temple:   minmay_temple_curvy_branch
Lair:1:   layout_gridlike, chequers_serial_rivers_small_3, serial_bayou_shore_b,
          uniq_urug, uniq_joseph
Lair:2:   layout_loops_ring, mainiacjoe_swamp_entry_angry_trees
Lair:3:   layout_regular_city, guppyfry_snake_entry_garden, serial_rivers,
          chequers_serial_rivers_small_a, chequers_serial_rivers_micro_e,
          chequers_serial_rivers_large_a, chequers_serial_rivers_room_a,
          chequers_serial_rivers_room_b, minivault_26
Lair:4:   layout_long_grid, slime_entry_2, ebering_ghost_rock_garden, uniq_sonja
Lair:5:   minmay_lair_end_frog_pond, layout_regular_city, st_stairs_10,
          minmay_lindwurm_lava, serial_bayou_shore_b
Snake:1:  layout_layer_cave, nicolae_integral_box
Snake:2:  layout_onion_interference, serial_shops, shop, drop_trap,
          serial_library_regret_index_multi, minmay_shop_star, uniq_aizul
Orc:1:    layout_diamond_mine
Orc:2:    grunt_orc_community_town_hall, layout_caves,
          grunt_orc_community_big_house_1, grunt_orc_community_big_house_2,
          grunt_orc_community_house_3, grunt_orc_community_house_1,
          grunt_orc_community_house_3, grunt_orc_community_house_2,
          grunt_orc_community_house_1, grunt_orc_community_house_2, uniq_erolcha

Skill      XL: |  1  2  3  4  5  6  7  8  9 10 11 12 13 14 15 16 17 |
---------------+----------------------------------------------------+-----
Axes           | 3 4 5 6 7 9 11 13 16 17 18 | 18.0
Fighting       | 4 5 6 7 8 9 10 11 12 14 15 16 | 16.3
Armour         | 4 5 6 7 8 9 10 11 12 14 15 16 | 16.3
Shields        | 4 5 6 7 8 9 10 12 14 15 16 | 16.2
Throwing       | 3 6 8 9 |  9.8
Invocations    | 3 6 8 10 11 | 11.2
Evocations     | 2 |  2.0

Action                     |  1- 3 |  4- 6 |  7- 9 | 10-12 | 13-15 | 16-18 || total
---------------------------+-------+-------+-------+-------+-------+-------++-------
  Melee: War axe           |    99 |   137 |   277 |   253 |       |       ||   766
         Headbutt          |    14 |    21 |    61 |    74 |   184 |   194 ||   548
         Broad axe         |       |       |       |    30 |   739 |   793 ||  1562
  Throw: Boomerang         |       |       |       |       |       |     6 ||     6
 Invoke: Heroism           |       |       |       |       |     3 |     9 ||    12
         Finesse           |       |       |       |       |       |     7 ||     7
  Evoke: Wand              |       |       |       |     1 |     1 |       ||     2
    Use: Scroll            |       |       |     8 |     8 |    10 |    11 ||    37
         Potion            |       |       |     1 |     5 |     5 |     6 ||    17
 Armour: Scale mail        |    45 |       |       |       |       |       ||    45
         Chain mail        |    52 |   122 |   159 |       |       |   422 ||   755
         Plate armour      |       |       |    37 |   154 |   336 |   177 ||   704
  Dodge: Dodged            |    43 |    52 |    83 |    39 |    72 |   178 ||   467
  Block: Buckler           |    27 |    26 |    55 |       |       |       ||   108
         Kite shield       |       |       |    32 |   167 |   503 |   728 ||  1430
         Reflection        |       |       |       |       |    13 |    58 ||    71

Table legend: (Time is in decaauts)
 A = Elapsed time spent in this place.
 B = Non-inter-level travel time spent in this place.
 C = Inter-level travel time spent in this place.
 D = Time resting spent in this place.
 E = Time spent auto-exploring this place.
 F = Levels seen in this place.
 G = Mean time per level.
                   A        B        C        D        E       F      G
               +--------+--------+--------+--------+--------+-----+--------+
         Total |  27645 |  24867 |   2778 |   2925 |  16819 |  28 |  987.3 |
       Dungeon |  15623 |  13834 |   1789 |   1414 |   9531 |  15 | 1041.5 |
        Temple |     37 |      3 |     34 |      0 |      0 |   1 |   37.0 |
          Lair |   7184 |   6547 |    637 |   1163 |   4263 |   5 | 1436.8 |
     Snake Pit |   1680 |   1592 |     88 |    210 |   1154 |   2 |  840.0 |
  Orcish Mines |   1954 |   1725 |    229 |     42 |   1385 |   2 |  977.0 |
         Abyss |    293 |    293 |      0 |     95 |      0 |   1 |  293.0 |
       Ossuary |    466 |    466 |      0 |      0 |    312 |   1 |  466.0 |
        Bailey |    403 |    403 |      0 |      0 |    174 |   1 |  403.0 |
               +--------+--------+--------+--------+--------+-----+--------+

Top non-repeatable levels by time:
  Lair:4: 1612 daAuts
   Orc:2: 1544 daAuts
  Lair:2: 1476 daAuts
     D:9: 1464 daAuts
  Lair:5: 1463 daAuts
 Snake:1: 1391 daAuts
  Lair:1: 1390 daAuts
    D:15: 1361 daAuts
    D:14: 1329 daAuts
  Lair:3: 1242 daAuts
     D:2: 1239 daAuts
    D:12: 1237 daAuts
    D:10: 1142 daAuts
     D:5: 1089 daAuts
     D:6: 1019 daAuts
